 Dungeon Crawl Stone Soup version 0.30-b1-2-g02819fbbbe (webtiles) character file.

Game seed: 13314993931654861824

32 Arcadio the Covered (level 3, 33/33 HPs)
             Began as a Minotaur Fighter on May 13, 2023.
             Was a Follower of Sif Muna.
             Quit the game on level 2 of the Dungeon.
             The game lasted 00:01:12 (583 turns).

Arcadio the Covered (Minotaur Fighter)               Turns: 583, Time: 00:01:13

Health: 33/33      AC:  9    Str: 22    XL:     3   Next: 10%
Magic:  2/2        EV:  9    Int:  5    God:    Sif Muna [*.....]
Gold:   59         SH:  4    Dex:  9    Spells: 2/2 levels left

rFire   . . .        a - +0 war axe
rCold   . . .        c - +0 buckler
rNeg    . . .        b - +0 scale mail
rPois   .            (helmet restricted)
rElec   .            e - +0 cloak
rCorr   .            k - +0 pair of gloves
SInv    .            (no boots)
Will    .....        (no amulet) Stlth
                     (no ring)
HPRegen 0.25/turn    (no ring)
MPRegen 0.08/turn

%: no passive effects
@: no status effects
A: horns 2, retaliatory headbutt
a: Renounce Religion, Channel Magic


You were on level 2 of the Dungeon.
You worshipped Sif Muna.
Sif Muna was aware of your devotion.
You visited 1 branch of the dungeon, and saw 2 of its levels.

You collected 59 gold pieces.

Inventory:

Hand Weapons
 a - a +0 war axe (weapon)
Armour
 b - a +0 scale mail (worn)
 c - a +0 buckler (worn)
 e - a +0 cloak (worn)
 k - a +0 pair of gloves (worn)
Scrolls
 f - a scroll of identify {unknown}
 h - a scroll of brand weapon {unknown}
 i - a scroll of fog {unknown}
Potions
 d - a potion of might
 g - a potion of attraction {unknown}
 j - a potion of curing {unknown}


   Skills:
 + Level 4.2 Fighting
 + Level 3.2 Axes
 + Level 4.2 Armour
 - Level 3.6 Shields


You had 2 spell levels left.
You didn't know any spells.
Your spell library contained the following spells:

 Spells                   Type           Power      Damage    Failure   Level
 Magic Dart               Conj           0%         1d3       86%         1
 Call Imp                 Summ           0%         N/A       94%         2
 Mephitic Cloud           Conj/Pois/Air  0%         N/A       99%         3


Dungeon Overview and Level Annotations

Branches:
Dungeon (2/15) Zot: 11400

Altars:
Sif Muna


Innate Abilities, Weirdness & Mutations

You have a pair of horns on your head.
You reflexively headbutt those who attack you in melee.


Message History

You see here a bat corpse.
The kobold hits you but does no damage.
A goblin comes into view. It is wielding a +0 dagger.
The goblin shouts!
You slash the kobold!
You kill the kobold!
Things that are here:
a +0 short sword; a kobold corpse A ball python comes into view.
You hit the goblin.
You kill the goblin!
Things that are here:
a +0 dagger; a goblin corpse You closely miss the ball python.
You headbutt the ball python, but do no damage.
The ball python bites you but does no damage.
The ball python barely misses you. You block the ball python's attack.
The ball python closely misses you.
You hit the ball python.
You kill the ball python!
You see here a ball python corpse.
Found a human skeleton.
Found a faded altar of an unknown god.
You see here a +0 pair of gloves.
k - a +0 pair of gloves You pick up a book of Minor Magic and begin reading...
You add the spells Magic Dart, Call Imp and Mephitic Cloud to your library.
You start putting on your armour.
You continue putting on your +0 pair of gloves. x4
You finish putting on your +0 pair of gloves.
You see here a human skeleton.
There is a faded altar of an unknown god here.
This altar belongs to (a) Sif Muna, (b) Lugonu or (c) the Shining One, but you can't tell which.
Press the corresponding letter to learn more about a god, or press enter to convert or escape to cancel.
Sif Muna accepts your prayer! Sif Muna welcomes you!
You can now call upon Sif Muna for magical energy.
Unknown command.
Press < or > to pray at altars.
Unknown command.
Press < or > to pray at altars.
Are you sure you want to abandon this character and quit the game? (Confirm with "yes".)

........ .#..###.
................
...####........#
†#.####.#.......
.!......#......
.....####....#
..†....##..#######
....#......#..÷÷@#
...).).†.........#
...........8÷....#
.........#...÷...#
.........#.8÷÷...#
#####...##..÷?..÷#
#######8.....#
#.8...8# #######..


There were no monsters in sight!

Vanquished Creatures
  A dart slug (D:2)
  5 ball pythons
  A bat (D:2)
  An endoplasm (D:1)
  4 giant cockroaches
  A goblin (D:2)
  2 hobgoblins
  4 jackals (D:1)
  3 kobolds
  3 rats (D:1)
25 creatures vanquished.

Notes
Turn   | Place    | Note
-------+----------+-------------------------------------------
     0 | D:1      | Arcadio the Minotaur Fighter began the quest for the Orb.
     0 | D:1      | Reached XP level 1. HP: 19/19 MP: 0/0
   126 | D:1      | Reached XP level 2. HP: 25/27 MP: 1/1
   547 | D:2      | Reached XP level 3. HP: 33/33 MP: 2/2
   566 | D:2      | Found a faded altar of an unknown god.
   582 | D:2      | Prayed at the altar of an unknown god.
   582 | D:2      | Became a worshipper of Sif Muna the Loreminder
   582 | D:2      | Reached * piety under Sif Muna
   583 | D:2      | Quit the game

Illustrated notes

Levels and vault maps discovered:
D:1:      dpeg_arrival_arbitrary_a, layout_rooms
D:2:      layout_rooms, shapermc_ecumenical_altar_pompeii

Skill      XL: |  1  2 |
---------------+-------+-----
Armour         | 4 |  4.2
Fighting       | 4 |  4.2
Axes           | 3 |  3.2
Shields        | |  3.6

Action                     || total
---------------------------++-------
  Melee: War axe           ||    45
         Headbutt          ||     5
 Armour: Scale mail        ||    35
  Dodge: Dodged            ||    25
  Block: Buckler           ||    13
